 Dungeon Crawl Stone Soup version 0.31-a0-557-g6e16503903 (webtiles) character file.

Game seed: 3373430139944593550

33 Xavori the Trooper (level 3, 0/26 HPs)
             Began as an Octopode Chaos Knight on Aug 17, 2023.
             Was a Plaything of Xom.
             Slain by a quasit (2 damage)
             ... summoned by Xom
             ... on level 1 of the Dungeon.
             The game lasted 00:00:54 (1081 turns).

Xavori the Trooper (Octopode Chaos Knight)          Turns: 1081, Time: 00:00:54

Health: 0/26       AC:  1    Str: 11      XL:     3   Next: 29%
Magic:  3/3        EV: 12    Int: 14      God:    Xom [....*.]
Gold:   37         SH:  0    Dex:  3 (13) Spells: 2/2 levels left

rFire   . . .        a - +0 short sword (chaos)
rCold   . . .        (no shield)
rNeg    . . .        (helmet restricted)
rPois   .            (no amulet)
rElec   .            (no ring)
rCorr   .            (no ring)
SInv    .            (no ring)
Will    .....        (no ring)
Stlth   ++           (no ring)
HPRegen 0.24/turn    (no ring)
MPRegen 0.08/turn    (no ring)
                     (no ring)

%: no passive effects
@: no status effects
A: almost no armour, amphibious, 8 rings, camouflage 1, gelatinous body 1,
(nimble swimmer 1), tentacles
a: Renounce Religion


You were on level 1 of the Dungeon.
You worshipped Xom.
You were a beloved toy of Xom.
You visited 1 branch of the dungeon, and saw 1 of its levels.

You collected 37 gold pieces.

Inventory:

Hand Weapons
 a - a +0 short sword of chaos (weapon)
Scrolls
 b - a scroll of butterflies
 c - a scroll of blinking {unknown}
 e - a scroll of revelation {unknown}
Potions
 d - a potion of brilliance {unknown}
 f - a potion of ambrosia {unknown}


   Skills:
 + Level 3.5 Fighting
 + Level 3.4 Short Blades
 + Level 2.7 Dodging
 + Level 1.2 Stealth


You had 2 spell levels left.
You didn't know any spells.
Your spell library contained the following spells:

 Spells                   Type           Power      Damage    Failure   Level
 Summon Guardian Golem    Hex/Summ       0%         N/A       65%         3
 Orb of Destruction       Conj           0%         9d5       100%        7
 Spellforged Servitor     Conj/Summ      0%         N/A       100%        7


Dungeon Overview and Level Annotations

Branches:
Dungeon (1/15)

Altars:


Innate Abilities, Weirdness & Mutations

You cannot wear most types of armour.
You are amphibious.
You can wear up to eight rings at the same time.
Your skin changes colour to match your surroundings (Stealth+).
Your rubbery body absorbs attacks. (AC +1, EV +1)
((You are camouflaged when in or above water. (Stealth+)))
You have tentacles for arms and can constrict up to eight enemies at once.


Message History

The quasit is lightly wounded.
The quasit bites you.
You feel clumsy. The quasit closely misses you.
The quasit claws you but does no damage.
Your frilled lizard zombie closely misses the quasit.
The quasit misses you. The quasit closely misses you. The quasit claws you.
You feel clumsy.
You hit the quasit but do no damage. Your grab misses the quasit.
The quasit is lightly wounded.
The quasit closely misses you. The quasit barely misses you. x2
The quasit bites you. The quasit closely misses you. x2
Unknown command.
You miss the quasit. Your grab misses the quasit.
The quasit is lightly wounded.
Your frilled lizard zombie misses the quasit.
The quasit bites you.
You feel clumsy. The quasit claws you.
You feel clumsy. The quasit barely misses you. The quasit bites you.
The quasit barely misses you. x2
You hit the quasit.
Space warps around the quasit.
Your grab misses the quasit.
The quasit is severely wounded.
The quasit bites you.
* * * LOW HITPOINT WARNING * * *
The quasit claws you but does no damage.
The quasit barely misses you. The quasit bites you.
* * * LOW HITPOINT WARNING * * *
You feel clumsy. The quasit misses you. The quasit closely misses you.
Your frilled lizard zombie bites the quasit but does no damage.
You hit the quasit. Your grab misses the quasit.
Your squeeze misses the quasit.
The quasit is almost dead.
The quasit bites you.
* * * LOW HITPOINT WARNING * * *
The quasit closely misses you. The quasit claws you.
You die... "I guess I need a new plaything now."

### ##### #.# ....#
################.. ###.#
#..Z.............# #.#
#.################ #.# #Z#
#............. #.#
#5###'############ #.#
#@#......# #.# #5#......# #.#
#.#......# #.# #####.#......#
#.# #.....#......# #.#
#.....#......######### #.#
#.....#......>........
#.############.#.....รท....####.
#.......######.#..........# #.


You could see 2 quasits and a friendly frilled lizard zombie.

Vanquished Creatures
  A dart slug (D:1)
  6 endoplasms (D:1)
  2 goblins (D:1)
  2 hobgoblins (D:1)
  2 jackals (D:1)
  2 kobolds (D:1)
  A quokka (D:1)
  5 ball pythons (D:1)
  A bat (D:1)
  5 frilled lizards (D:1)
  2 rats (D:1)
29 creatures vanquished.

Notes
Turn   | Place    | Note
-------+----------+-------------------------------------------
     0 | D:1      | Xavori the Octopode Chaos Knight began the quest for the
                  | Orb.
     0 | D:1      | Reached XP level 1. HP: 16/16 MP: 1/1
   125 | D:1      | Reached XP level 2. HP: 21/21 MP: 2/2
   249 | D:1      | XOM: silly message
   468 | D:1      | Reached XP level 3. HP: 26/26 MP: 3/3
   486 | D:1      | Reached skill level 1 in Stealth
   799 | D:1      | XOM: silly message
   885 | D:1      | XOM: divination: magic mapping
  1073 | D:1      | XOM: summons 2 hostile demons
  1081 | D:1      | Slain by a quasit

Illustrated notes

Levels and vault maps discovered:
D:1:      dpeg_arrival_boxorama, layout_basic, nrook_mini_backslash,
          nicolae_figureground_sparkle

Skill      XL: |  1  2  3 |
---------------+----------+-----
Stealth        | 1 |  1.2
Fighting       | |  3.5
Short Blades   | |  3.4
Dodging        | |  2.7

Action                     || total
---------------------------++-------
  Melee: Short sword       ||    60
         Tentacles         ||    12
         Constrict         ||    10
         Punch             ||     3
   Stab: Sleeping          ||    10
         Confused          ||     1
 Armour: Skin              ||     7
  Dodge: Dodged            ||    37

Table legend: (Time is in decaauts)
 A = Elapsed time spent in this place.
 B = Non-inter-level travel time spent in this place.
 C = Inter-level travel time spent in this place.
 D = Time resting spent in this place.
 E = Time spent auto-exploring this place.
 F = Levels seen in this place.
 G = Mean time per level.
                   A        B        C        D        E       F      G
               +--------+--------+--------+--------+--------+-----+--------+
         Total |   1071 |   1052 |     19 |      0 |    881 |   1 | 1071.0 |
       Dungeon |   1071 |   1052 |     19 |      0 |    881 |   1 | 1071.0 |
               +--------+--------+--------+--------+--------+-----+--------+

Top non-repeatable levels by time:
     D:1: 1071 daAuts
